 Dungeon Crawl Stone Soup version 0.30.1 (webtiles) character file.

Game seed: 3433167231957888562

382 cayman329 the Cudgeller (level 6, -1/51 (53) HPs)
             Began as a Gnoll Cinder Acolyte on July 3, 2023.
             Was an Elder of Ignis.
             Succumbed to an orc's poison
             ... on level 4 of the Dungeon.
             The game lasted 00:05:42 (3375 turns).

cayman329 the Cudgeller (Gnoll Cinder Acolyte)      Turns: 3375, Time: 00:05:43

HP:   -1/51 (53)    AC: 16    Str: 14    XL:     6   Next: 76%
MP:   11/11         EV: 11    Int: 13    God:    Ignis [****..]
Gold: 137           SH:  0    Dex: 15    Spells: 7/12 levels left

rFire   + . .        a - -1 mace (flame)
rCold   . . .        (no shield)
rNeg    . . .        j - +0 ring mail
rPois   .            l - +0 helmet
rElec   .            (no cloak)
rCorr   .            (no gloves)
SInv    .            p - +2 pair of boots
Will    .....        (no amulet)
Stlth   +            q - +6 ring of dexterity
HPRegen 0.28/turn    (no ring)
MPRegen 0.12/turn

%: no passive effects
@: lethally poisoned (-1 -> -12), fiery-armoured, lightly drained
A: fangs 1, strong nose, distributed training
a: Renounce Religion, Fiery Armour, Foxfire Swarm, Rising Flame


You were on level 4 of the Dungeon.
You worshipped Ignis.
Ignis was greatly pleased with you.
You visited 1 branch of the dungeon, and saw 4 of its levels.

You collected 137 gold pieces.

Inventory:

Hand Weapons
 a - a -1 mace of flaming (weapon)
Missiles
 d - 23 stones (quivered)
Armour
 b - a +0 robe
 j - a +0 ring mail (worn)
 l - a +0 helmet (worn)
 p - a +2 pair of boots (worn)
Jewellery
 q - a +6 ring of dexterity (left hand)
Scrolls
 c - 3 scrolls of teleportation {unknown}
 e - 8 scrolls of identify {unknown}
 i - 4 scrolls of immolation {unknown}
 k - 2 scrolls of poison {unknown}
 m - a scroll of magic mapping {unknown}
 s - a scroll of noise {unknown}
 t - a scroll of silence {unknown}
Potions
 f - a potion of haste {unknown}
 g - a potion of berserk rage {unknown}
 h - a potion of magic
 n - 2 potions of curing {unknown}
 o - 2 potions of ambrosia {unknown}
 r - 2 potions of degeneration {unknown}


   Skills:
 + Level 6.9 Fighting
 + Level 2.2 Short Blades
 + Level 2.2 Long Blades
 + Level 2.2 Axes
 + Level 6.9 Maces & Flails
 + Level 2.2 Polearms
 + Level 2.2 Staves
 + Level 2.2 Ranged Weapons
 + Level 2.2 Throwing
 + Level 2.2 Armour
 + Level 2.2 Dodging
 + Level 2.2 Stealth
 + Level 2.2 Shields
 + Level 2.2 Unarmed Combat
 + Level 3.6 Spellcasting
 + Level 1.7 Conjurations
 + Level 1.7 Hexes
 + Level 1.7 Summonings
 + Level 1.7 Necromancy
 + Level 1.7 Translocations
 + Level 1.7 Transmutations
 + Level 5.7 Fire Magic
 + Level 1.7 Ice Magic
 + Level 1.7 Air Magic
 + Level 1.7 Earth Magic
 + Level 1.7 Poison Magic
 + Level 2.4 Invocations
 + Level 2.2 Evocations


You had 7 spell levels left.
You knew the following spells:

 Your Spells              Type           Power      Damage    Failure   Level
a - Scorch                Fire           34%        2d6       6%          2
b - Sandblast             Erth           12%        2d6       21%         1
c - Passwall              Tmut/Erth      5%         N/A       30%         2

Your spell library contained the following spells:

 Spells                   Type           Power      Damage    Failure   Level
 Ozocubu's Armour         Ice            6%         N/A       52%         3
 Stone Arrow              Conj/Erth      12%        3d7       52%         3
 Ozocubu's Refrigeration  Ice            3%         4d8       100%        7


Dungeon Overview and Level Annotations

Branches:
Dungeon (4/15)
 Temple: D:4-7

Altars:


Innate Abilities, Weirdness & Mutations

You have very sharp teeth.
Your uncanny sense of smell can sniff out nearby items.
Your experience applies equally to all skills.


Message History

You feel sick.
You feel sick.
You feel sick. The kobold attacks as you move away!
The kobold hits you but does no damage.
The kobold is burned by your cloak of flames.
You kill the kobold!
You feel sick.
You feel sick.
You feel sick. Something hits you but does no damage.
You feel drained.
Things that are here:
a +2 dagger of venom; a kobold corpse You feel sick.
You are no longer poisoned.
Something hits you.
You feel drained.
You hit something. You burn something. You hit the orc. You burn the orc.
You bite the orc, but do no damage.
The orc is severely wounded.
Something hits you.
* * * LOW HITPOINT WARNING * * *
You feel drained. The orc hits you but does no damage.
You are poisoned.
You barely miss the orc.
The orc is severely wounded.
You feel very sick. Something hits you.
* * * LOW HITPOINT WARNING * * *
You feel drained.
Reactivating autopickup.
You feel a bit more experienced. The orc barely misses you.
The orc hits you with a +0 short sword of venom.
* * * LOW HITPOINT WARNING * * *
You are more poisoned.
The orc is burned by your cloak of flames.
You kill the orc!
* * * LOW HITPOINT WARNING * * *
You feel very sick.
Things that are here:
a +0 short sword of venom; a boomerang; a +0 scale mail It was a potion of magic.
Magic courses through your body.
You die...

#. ### #o #.## #. #..#
#.######.#### ########.
####.#.........# #........
+..............###.#######
#........)#.†....<......
..###...#...).)..###...#####
...........##.#@####...#
..#####.#####.#.)..#.....
...# #.####.#..####
#########.####.#...
.............#.##.
#######.######.# #
#[)...#.######
#)###.#......#
#.#........#.#


There were no monsters in sight!

Vanquished Creatures
  A phantom (D:4)
  A scorpion (D:4)
  3 orc wizards (D:4)
  Natasha (D:2)
  7 adders
  3 worms
  7 orcs
  9 bats
  2 endoplasms
  A giant cockroach (D:1)
  7 goblins
  7 hobgoblins
  3 jackals (D:1)
  9 kobolds
  4 quokkas
  7 ball pythons
  5 frilled lizards
  5 rats
82 creatures vanquished.

Vanquished Creatures (others)
  10 foxfires (D:4)
10 creatures vanquished.

Grand Total: 92 creatures vanquished

Notes
Turn   | Place    | Note
-------+----------+-------------------------------------------
     0 | D:1      | cayman329 the Gnoll Cinder Acolyte began the quest for the
                  | Orb.
     0 | D:1      | Reached XP level 1. HP: 23/23 MP: 4/4
   162 | D:1      | Reached XP level 2. HP: 29/29 MP: 5/5
   165 | D:1      | Learned a level 2 spell: Scorch
   512 | D:1      | Reached XP level 3. HP: 29/35 MP: 7/7
   780 | D:2      | Reached skill level 1 in Invocations
  1059 | D:2      | Reached skill level 1 in Short Blades
  1059 | D:2      | Reached skill level 1 in Long Blades
  1059 | D:2      | Reached skill level 1 in Axes
  1059 | D:2      | Reached skill level 1 in Polearms
  1059 | D:2      | Reached skill level 1 in Staves
  1059 | D:2      | Reached skill level 1 in Ranged Weapons
  1059 | D:2      | Reached skill level 1 in Throwing
  1059 | D:2      | Reached skill level 1 in Armour
  1059 | D:2      | Reached skill level 1 in Dodging
  1059 | D:2      | Reached skill level 1 in Stealth
  1059 | D:2      | Reached skill level 1 in Shields
  1059 | D:2      | Reached skill level 1 in Unarmed Combat
  1059 | D:2      | Reached skill level 1 in Evocations
  1092 | D:2      | Reached XP level 4. HP: 16/41 MP: 1/8
  1306 | D:2      | Reached skill level 1 in Conjurations
  1306 | D:2      | Reached skill level 1 in Hexes
  1306 | D:2      | Reached skill level 1 in Summonings
  1306 | D:2      | Reached skill level 1 in Necromancy
  1306 | D:2      | Reached skill level 1 in Translocations
  1306 | D:2      | Reached skill level 1 in Transmutations
  1306 | D:2      | Reached skill level 1 in Ice Magic
  1306 | D:2      | Reached skill level 1 in Air Magic
  1306 | D:2      | Reached skill level 1 in Earth Magic
  1306 | D:2      | Reached skill level 1 in Poison Magic
  1520 | D:2      | Noticed Natasha
  1524 | D:2      | Killed Natasha
  1525 | D:2      | Reached XP level 5. HP: 37/47 MP: 4/9
  2115 | D:3      | Learned a level 1 spell: Sandblast
  2663 | D:3      | Learned a level 2 spell: Passwall
  3140 | D:3      | You fall into a shaft and drop 1 floor!
  3172 | D:4      | Reached XP level 6. HP: 49/53 MP: 7/11
  3374 | D:4      | HP: 2/51 [poisoned by an orc]
  3375 | D:4      | Succumbed to an orc's poison

Illustrated notes

Levels and vault maps discovered:
D:1:      dpeg_arrival_water_temple_mockup, layout_rooms, minivault_23,
          grunt_decor_one_mirror, minmay_misc_feat_room,
          chequers_serial_rivers_micro_b
D:2:      layout_basic, serial_bayou_crossing, uniq_natasha
D:3:      layout_loops_corners, lemuel_round_altar
D:4:      layout_basic, mainiacjoe_overflow_brackets,
          nicolae_wu_jian_immortal_techniques, uniq_robin

Skill      XL: |  1  2  3  4  5  6 |
---------------+-------------------+-----
Invocations    | 1 2 |  2.4
Short Blades   | 1 2 |  2.2
Long Blades    | 1 2 |  2.2
Axes           | 1 2 |  2.2
Polearms       | 1 2 |  2.2
Staves         | 1 2 |  2.2
Ranged Weapons | 1 2 |  2.2
Throwing       | 1 2 |  2.2
Armour         | 1 2 |  2.2
Dodging        | 1 2 |  2.2
Stealth        | 1 2 |  2.2
Shields        | 1 2 |  2.2
Unarmed Combat | 1 2 |  2.2
Evocations     | 1 2 |  2.2
Spellcasting   | 3 |  3.6
Conjurations   | 1 |  1.7
Hexes          | 1 |  1.7
Summonings     | 1 |  1.7
Necromancy     | 1 |  1.7
Translocations | 1 |  1.7
Transmutations | 1 |  1.7
Ice Magic      | 1 |  1.7
Air Magic      | 1 |  1.7
Earth Magic    | 1 |  1.7
Poison Magic   | 1 |  1.7
Fighting       | |  6.9
Maces & Flails | |  6.9
Fire Magic     | |  5.7

Action                     |  1- 3 |  4- 6 || total
---------------------------+-------+-------++-------
  Melee: Mace              |    91 |    46 ||   137
         Bite              |    11 |     4 ||    15
         Punch             |       |     2 ||     2
  Throw: Stone             |     1 |       ||     1
   Cast: Scorch            |    14 |    27 ||    41
         Sandblast         |       |     4 ||     4
 Invoke: Fiery Armour      |       |     2 ||     2
         Foxfire Swarm     |       |     1 ||     1
    Use: Potion            |       |     1 ||     1
 Armour: Robe              |    12 |       ||    12
         Ring mail         |    29 |    38 ||    67
  Dodge: Dodged            |    73 |    49 ||   122
